Map: 2000 Atmospheres LE

Players

Denver

  • Race: Zerg Zerg

MaxPax - Winner!

  • Race: Protoss Protoss

Event: DreamHack SC2 Masters 2021 Winter

VOD

Have the link to the VOD?

Description

Time

  • Played on: Oct. 15, 2021, 10:56 a.m.
  • Length: 9:06

All games in this series

Show
View Real Time Build Order
Export as new Build Order

Denver Zerg 

Build Orders: Hatch First 

Get SALT Encoding   

  12  0:00  Drone  
  13  0:12  Overlord  
  13  0:16  Drone  
  14  0:30  Drone x2  
  16  0:48  Hatchery  
  15  0:52  Drone  
  15  0:56  Drone  
  17  0:59  Drone  
  18  1:11  Extractor  
  17  1:15  Spawning Pool  
  17  1:18  Drone  
  17  1:21  Drone  
  18  1:28  Drone  
  19  1:39  Drone  
  20  1:50  Overlord  
  20  2:02  Queen x2  
  20  2:03  Zergling x4  
  26  2:10  Drone  
  26  2:12  Metabolic Boost  
  26  2:14  Drone  
  28  2:23  Drone x2  
  30  2:39  Hatchery  
  30  2:43  Queen  
  31  2:48  Overlord  
  31  2:51  Drone  
  31  2:53  Drone  
  31  2:55  Drone  
  31  2:57  Drone  
  35  3:01  Drone  
  36  3:08  Drone x2  
  38  3:13  Drone x3  
  38  3:15  Overlord  
  38  3:18  Zergling x2  
  38  3:19  Zergling x2  
  43  3:29  Overlord  
  43  3:33  Queen  
  43  3:34  Spore Crawler  
  44  3:35  Drone  
  44  3:37  Overlord  
  45  3:50  Drone x5  
  45  3:54  Drone x2  
  45  3:55  Drone x2  
  54  3:58  Spore Crawler  
  54  4:01  Drone  
  54  4:05  Queen  
  54  4:07  Spore Crawler  
  55  4:10  Drone x2  
  55  4:15  Queen  
  58  4:20  Drone x3  
  58  4:21  Drone  
  62  4:26  Drone  
  62  4:28  Drone  
  62  4:33  Drone x3  
  62  4:34  Overlord x2  
  65  4:42  Roach Warren  
  65  4:45  Drone  
  65  4:46  Overlord  
  65  4:48  Lair  
  65  4:54  Drone  
  65  4:55  Drone x5  
  65  4:56  Drone x2  
  65  4:59  Extractor  
  72  5:05  Drone  
  72  5:06  Drone  
  73  5:10  Extractor  
  73  5:11  Extractor  
  73  5:12  Drone  
  72  5:17  Evolution Chamber  
  72  5:18  Drone x6  
  77  5:24  Drone x3  
  77  5:25  Drone x3  
  83  5:29  Queen  
  83  5:34  Overlord  
  85  5:37  Hatchery  
  85  5:39  Extractor x2  
  85  5:41  Drone x3  
  84  5:47  Hydralisk Den  
  84  5:48  Queen  
  85  5:51  Drone x4  
  85  5:52  Overlord  
  85  5:56  Overlord  
  89  6:01  Spore Crawler  
  86  6:06  Drone x7  
  86  6:07  Zerg Missile Weapons Level 1  
  89  6:12  Drone x3  
  89  6:17  Muscular Augments  
  92  6:20  Hydralisk x5  
  98  6:31  Drone x5  
  100  6:38  Hydralisk x2  
  104  6:45  Drone  
  104  6:46  Drone x4  
  109  6:47  Drone x2  
  109  6:48  Baneling Nest  
  109  6:51  Overlord  
  110  6:54  Hydralisk x3  
  110  7:00  Hydralisk  
  118  7:03  Overlord  
  118  7:05  Overlord  
  118  7:08  Spore Crawler  
  118  7:10  Hydralisk  
  118  7:11  Hydralisk x3  
  118  7:13  Overlord  
  125  7:15  Overlord  
  125  7:18  Zergling x2  
  125  7:19  Zergling x4  
  128  7:28  Grooved Spines  
  128  7:33  Hydralisk  
  128  7:34  Hydralisk x8  
  146  7:38  Centrifugal Hooks  
  146  7:41  Overlord  
  146  7:43  Hydralisk x2  
  150  7:45  Zergling x2  
  150  7:46  Zergling x6  
  150  7:50  Overlord  
  154  7:52  Baneling x6  
  154  7:57  Zergling x18  
  158  8:08  Zergling x2  
  158  8:09  Zergling x10  
  160  8:13  Hydralisk  
  160  8:18  Baneling x3  
  160  8:19  Baneling x5  
  154  8:30  Hydralisk x7  
  142  8:43  Zergling x8  
Show
View Real Time Build Order
Export as new Build Order

MaxPax Protoss - Winner!

Build Orders: 1 Gate Expand, Oracle Opening 

Get SALT Encoding   

  12  0:00  Probe  
  13  0:12  Probe  
  14  0:18  Pylon  
  14  0:24  Probe  
  15  0:37  Probe (Chrono Boost)  
  15  0:40  Gateway  
  16  0:49  Assimilator, Probe (Chrono Boost)  
  17  0:54  Probe (Chrono Boost)  
  18  1:03  Probe  
  19  1:15  Probe  
  20  1:28  Nexus  
  20  1:39  Cybernetics Core  
  20  1:42  Probe  
  20  1:47  Assimilator  
  21  1:54  Probe  
  22  1:59  Pylon  
  22  2:06  Probe (Chrono Boost)  
  23  2:17  Adept  
  23  2:18  Probe (Chrono Boost)  
  23  2:19  Stargate  
  26  2:25  Probe (Chrono Boost)  
  26  2:28  Warp Gate  
  27  2:34  Probe (Chrono Boost)  
  28  2:40  Probe (Chrono Boost)  
  29  2:47  Adept  
  29  2:49  Probe x2 (Chrono Boost)  
  33  2:53  Void Ray (Chrono Boost)  
  33  2:54  Probe (Chrono Boost)  
  33  2:56  Probe  
  39  3:06  Probe  
  39  3:08  Probe  
  41  3:14  Pylon  
  41  3:18  Probe  
  42  3:22  Gateway, Probe  
  43  3:30  Probe, Oracle (Chrono Boost)  
  47  3:35  Probe  
  48  3:42  Probe  
  48  3:47  Probe  
  50  3:53  Nexus  
  50  3:54  Probe, Pylon  
  51  3:59  Probe  
  51  4:00  Assimilator  
  52  4:03  Assimilator  
  52  4:09  Oracle (Chrono Boost)  
  52  4:11  Probe  
  52  4:14  Probe  
  57  4:21  Pylon  
  57  4:24  Probe  
  58  4:30  Protoss Air Weapons Level 1, Probe  
  59  4:37  Stargate, Forge  
  59  4:41  Void Ray (Chrono Boost), Probe  
  59  4:42  Probe  
  65  4:53  Probe  
  65  4:55  Pylon  
  65  4:58  Probe  
  67  5:05  Probe  
  68  5:07  Probe (Chrono Boost)  
  68  5:10  Probe (Chrono Boost)  
  70  5:18  Probe (Chrono Boost)  
  70  5:19  Assimilator  
  70  5:20  Probe (Chrono Boost)  
  73  5:22  Probe (Chrono Boost)  
  73  5:26  Assimilator  
  73  5:27  Void Ray (Chrono Boost), Probe x2 (Chrono Boost)  
  75  5:28  Probe (Chrono Boost)  
  75  5:30  Shield Battery  
  75  5:32  Probe (Chrono Boost)  
  75  5:33  Void Ray (Chrono Boost)  
  75  5:34  Probe  
  86  5:41  Adept  
  88  5:43  Adept  
  88  5:49  Probe x3  
  93  5:54  Stargate  
  93  5:56  Fleet Beacon  
  93  6:09  Pylon  
  93  6:11  Pylon  
  93  6:15  Pylon  
  93  6:25  Void Ray (Chrono Boost)  
  93  6:27  Probe x3  
  93  6:31  Photon Cannon, Void Ray (Chrono Boost)  
  92  6:35  Void Ray (Chrono Boost)  
  92  6:37  Robotics Facility  
  104  6:40  Nexus  
  104  6:42  Flux Vanes  
  104  6:43  Pylon  
  104  6:47  Gateway  
  104  6:50  Gateway  
  104  6:51  Zealot, Pylon  
  104  6:52  Gateway  
  106  7:01  Photon Cannon  
  106  7:02  Photon Cannon  
  110  7:16  Adept x2  
  110  7:20  Photon Cannon  
  110  7:21  Pylon  
  114  7:24  Gateway, Twilight Council  
  114  7:29  Tempest (Chrono Boost)  
  114  7:33  Tempest (Chrono Boost)  
  121  7:38  Photon Cannon  
  121  7:40  Photon Cannon, Tempest (Chrono Boost)  
  121  7:46  Robotics Bay, Shield Battery  
  121  7:48  Shield Battery  
  121  7:49  Photon Cannon  
  121  7:54  Photon Cannon  
  121  8:04  Shield Battery  
  124  8:06  Photon Cannon  
  124  8:08  Tempest (Chrono Boost)  
  124  8:12  Tempest (Chrono Boost)  
  129  8:15  Shield Battery  
  129  8:18  Pylon  
  132  8:28  Tempest (Chrono Boost)  
  129  8:39  Zealot x6  
  137  8:53  Probe x3  

Tags
 
Add a new tag
Caveats
  • Supply blocks, unpowered buildings, or Contaminate may cause inaccurate times.
  • Supply counts are checked every 10 seconds.